 Dungeon Crawl Stone Soup version 0.32-a0-747-gc8563f6773 (webtiles) character file.

Game seed: 14766855250160400114

46430 greenreed the Fighter (level 14, 0/109 (119) HPs)
             Began as a Coglin Gladiator on Mar 17, 2024.
             Was an Initiate of Gozag.
             Slain by a meliai
             ... wielding a +1 war axe of flaming
              (3 damage)
             ... on level 15 of the Dungeon.
             The game lasted 00:52:12 (24196 turns).

greenreed the Fighter (Coglin Gladiator)           Turns: 24196, Time: 00:52:12

HP:   0/109 (119)   AC: 22    Str: 19    XL:     14   Next: 37%
MP:   14/14         EV: 11    Int:  4    God:    Gozag
Gold: 192           SH:  0    Dex: 16    Spells: 13/13 levels left

rFire   + . .        t - +1 flail (protect) {Clara}
rCold   + . .        s - +0 flail (holy) {Akihito}
rNeg    + . .        O - +5 chain mail of Decompression {+Inv rC+ rN+ Int-4}
rPois   .            c - +0 helmet
rElec   .            p - +0 cloak
rCorr   .            z - +0 pair of gloves
SInv    .            (no boots)
Will    ++...        (amulet unavailable) Stlth
                     (ring unavailable)
HPRegen 0.38/turn    (ring unavailable)
MPRegen 0.14/turn    S
                       - N-80 hypertransmogrifier {RevParry, rF+ Will+}

%: no passive effects
@: mighty, very slightly contaminated, drained, invisible, revving
A: off-hand wielding, slow wielding, warmup strikes, no jewellery
a: Renounce Religion, Evoke Invisibility, Potion Petition, Call Merchant, Bribe
Branch


You were on level 15 of the Dungeon.
You worshipped Gozag.
Gozag was aware of your devotion.
You visited 2 branches of the dungeon, and saw 16 of its levels.
You also visited: Bailey.

You collected 3255 gold pieces.
You spent 295 gold pieces at shops.
You paid 2768 gold pieces to Gozag.

Inventory:

Hand Weapons
 s - a +0 flail of holy wrath (offhand) {Akihito}
 t - a +1 flail of protection (weapon) {Clara}
 L - a +1 whip of draining {Egon}
 T - a +4 antimagic whip {Isabel}
Missiles
 d - 4 throwing nets (quivered)
 e - 8 javelins
 u - 7 atropa-tipped darts
 G - a curare-tipped dart
Armour
 c - a +0 helmet (worn)
 n - the +1 swamp dragon scales of the Clam {+Blink rPois Will+ Int+2 Dex-5}
   (You took it off a spriggan in a bailey)

   Int+2:     It affects your intelligence (+2).
   Dex-5:     It affects your dexterity (-5).
   rPois:     It protects you from poison.
   Will+:     It increases your willpower.
   +Blink:    It lets you blink.
 p - a +0 cloak (worn)
 z - a +0 pair of gloves (worn)
 M - +0 fire dragon scales
 O - the +5 chain mail of Decompression (worn) {+Inv rC+ rN+ Int-4}
   (You found it on level 11 of the Dungeon)

   Int-4:     It affects your intelligence (-4).
   rC+:       It protects you from cold.
   rN+:       It protects you from negative energy.
   +Inv:      It lets you turn invisible.
Gizmo
 S - a N-80 hypertransmogrifier (installed) {RevParry, rF+ Will+}
   (You invented it yourself on level 13 of the Dungeon)

   [N-80 hypertransmogrifier]

   RevParry:  Your AC increases as you Rev (up to +5) and while fully Revved,
   your attacks may disarm enemies.
   rF+:       It protects you from fire.
   Will+:     It increases your willpower.
Wands
 a - a wand of flame (22)
 g - a wand of iceblast (28)
 l - a wand of digging (7)
 F - a wand of charming (25)
Scrolls
 b - 4 scrolls of vulnerability
 i - 3 scrolls of fear {unknown}
 k - 4 scrolls of teleportation
 m - 2 scrolls of enchant armour {unknown}
 o - 2 scrolls of torment
 q - 4 scrolls of noise
 y - a scroll of blinking
 B - 2 scrolls of amnesia
 D - a scroll of immolation
 E - 3 scrolls of fog
 J - 2 scrolls of revelation
 K - a scroll of brand weapon {unknown}
 N - a scroll of enchant weapon {unknown}
 P - a scroll of butterflies {unknown}
Potions
 f - 2 potions of might {unknown}
 h - a potion of curing
 j - 4 potions of haste
 v - a potion of ambrosia {unknown}
 w - 2 potions of brilliance {unknown}
 x - 2 potions of lignification {unknown}
 A - 3 potions of enlightenment
 C - 3 potions of berserk rage {unknown}
 H - 2 potions of experience {unknown}
 I - 2 potions of magic {unknown}
 Q - a potion of cancellation {unknown}
Miscellaneous
 R - a phantom mirror (inert)


   Skills:
 * Level 13.9 Fighting
 * Level 12.9 Maces & Flails
 - Level 1.7 Throwing
 + Level 9.0 Armour
 + Level 9.6 Dodging
 + Level 9.3 Evocations


You had 13 spell levels left.
You didn't know any spells.
Your spell library contained the following spells:

 Spells                   Type           Power      Damage    Failure   Level
 Freeze                   Ice            0%         1d3       98%         1
 Magic Dart               Conj           0%         1d3       98%         1
 Sandblast                Erth           0%         2d4       98%         1
 Sting                    Conj/Alch      0%         1d3       98%         1
 Summon Small Mammal      Summ           0%         N/A       98%         1
 Ensorcelled Hibernation  Hex/Ice        0%         N/A       99%         2
 Lesser Beckoning         Tloc           0%         N/A       99%         2
 Mercury Vapours          Alch/Air       0%         N/A       99%         2
 Searing Ray              Conj           0%         2d4       99%         2
 Sublimation of Blood     Necr           0%         N/A       99%         2
 Frozen Ramparts          Ice            0%         1d1       100%        3
 Gell's Gravitas          Tloc           0%         N/A       100%        3
 Hailstorm                Conj/Ice       0%         3d5       100%        3
 Stone Arrow              Conj/Erth      0%         3d7       100%        3
 Teleport Other           Tloc           0%         N/A       100%        3
 Brom's Barrelling Bould  Conj/Erth      0%         2d3       100%        4
 Fulminant Prism          Conj/Alch      0%         3d5       100%        4
 Leda's Liquefaction      Alch/Erth      0%         N/A       100%        4
 Olgreb's Toxic Radiance  Alch           0%         N/A       100%        4
 Petrify                  Alch/Erth      0%         N/A       100%        4
 Irradiate                Conj/Alch      0%         3d11      100%        5
 Metabolic Englaciation   Hex/Ice        0%         N/A       100%        5


Dungeon Overview and Level Annotations

Branches:
Dungeon (15/15)            Temple (1/1) D:6            Lair (0/5) D:11
    Orc (0/2) D:12         Vaults (0/5) D:14         Bailey (visited)
 Depths: D:15

Altars:
Ashenzari
Cheibriados
Dithmenos
Elyvilon
Fedhas
Gozag
Hepliaklqana
Kikubaaqudgha
Makhleb
Nemelex Xobeh
Okawaru
Qazlal
Ru
Sif Muna
Trog
Uskayaw
Vehumet
Wu Jian
Xom
Yredelemnul
Zin
The Shining One

Shops:
D:2 (

Portals:
Trove: D:11 (give 8 potions of haste)

Annotations:
D:11 1 runed translucent door


Innate Abilities, Weirdness & Mutations

You can wield a second weapon in your off-hand.
It takes a long time for you to wield or remove held weapons.
Your first few attacks do less damage.
You cannot equip rings or amulets.


Message History

[a] - 300 gold - resistance [b] - 675 gold - invisibility, might, heal wounds and magic [c] - 850 gold - heal wounds, berserk rage, resistance, might and haste Purchase which effect?
You no longer have enough gold to petition Gozag for potion effects.
You no longer have enough gold to fund merchants seeking to open stores in the dungeon.
You fade further into invisibility.
You feel very mighty all of a sudden.
You feel much better. Magic courses through your body.
You feel very sick. The meliai hits you but does no damage.
The meliai misses you. The meliai hits you but does no damage.
The meliai stings you but does no damage.
The meliai hits you but does no damage. The meliai closely misses you.
The meliai hits you with a +0 hand axe!
* * * LOW HITPOINT WARNING * * *
The meliai barely misses you. The meliai hits you but does no damage.
The meliai barely misses you. The meliai hits you but does no damage.
The meliai stings you.
* * * LOW HITPOINT WARNING * * *
You are lethally poisoned!
The meliai poisons you!
Unknown command.
* * * LOW HITPOINT WARNING * * *
You feel extremely sick. The meliai closely misses you.
The meliai barely misses you. The meliai hits you but does no damage.
The meliai stings you but does no damage.
* * * LOW HITPOINT WARNING * * *
You feel extremely sick.
You feel better.
The meliai hits you with a +1 war axe of flaming!
* * * LOW HITPOINT WARNING * * *
The meliai burns you.
* * * LOW HITPOINT WARNING * * *
The meliai stings you but does no damage.
The meliai misses you.
The meliai stings you but does no damage.
The meliai hits you with a +1 war axe of flaming.
You die...
Your body crumbles into a pile of gold.

###### ##### ##### #....#
....# ......
.####....##....##.........
.........##....##.........
........y.................
........yy................
..#....##@........##......
#...............##......
#...............##......
...#......(......#...##..
......................##..
......................##..
....................).##..
...............#........
...............#........


You could see 3 meliai.

Vanquished Creatures
  Kirke (D:13)
  Agnes (D:14)
  Roxanne (D:14)
  Nessos (D:12)
  Josephine (D:10)
  An ogre mage (D:15)
  7 centaur warriors
  A boulder beetle (D:11)
  8 two-headed ogres
  Urug (D:10)
  5 skeletal warriors
  An arcanist (D:13)
  2 orc knights (D:13)
  A deep elf pyromancer (D:14)
  12 ugly things
  2 manticores
  4 cyclopes
  Joseph (D:10)
  4 gargoyles
  5 komodo dragons
  2 unseen horrors (D:10)
  A kobold demonologist (D:12)
  A tengu conjurer (D:15)
  A freezing wraith (D:14)
  3 trolls
  A hornet (D:10)
  Prince Ribbit (D:6)
  7 slime creatures
  Sigmund (D:6)
  A vampire (D:10)
  5 spriggans (Bailey)
  A wyvern (shapeshifter) (D:13)
  A shadow (D:12)
  A basilisk (D:15)
  8 wraiths
  A wyvern (D:11)
  2 hogs (D:12)
  18 yaks
  16 humans
  Eustachio (D:6)
  13 vampire mosquitoes
  2 steam dragons
  Menkaure (D:5)
  An acid dragon (D:10)
  2 water moccasins
  4 orc warriors
  An ice beast (D:5)
  A sky beast (D:8)
  A black bear (D:6)
  11 centaurs
  9 ogres
  2 phantoms
  2 kobold brigands
  A bullfrog (D:5)
  15 killer bees
  2 howler monkeys
  A lava snake (D:9)
  A bombardier beetle (D:6)
  3 hounds
  An orc priest (D:9)
  3 gnoll boudas
  4 iguanas
  2 sleepcaps
  9 orc wizards
  24 gnolls
  4 adders
  3 shadow imps
  2 white imps
  A ribbon worm (D:2)
  A dart slug (D:2)
  25 orcs
  6 endoplasms
  3 giant cockroaches
  12 goblins
  10 hobgoblins
  5 jackals
  3 quokkas
  3 ball pythons
  3 bats
  7 frilled lizards
  18 kobolds
  5 rats
360 creatures vanquished.

Vanquished Creatures (collateral kills)
  A vampire mosquito (D:12)
1 creature vanquished.

Vanquished Creatures (others)
  A human (D:3)
  3 orcs
4 creatures vanquished.

Grand Total: 365 creatures vanquished

Notes
Turn   | Place    | Note
-------+----------+-------------------------------------------
     0 | D:1      | greenreed the Coglin Gladiator began the quest for the Orb.
     0 | D:1      | Reached XP level 1. HP: 16/16 MP: 1/1
    53 | D:1      | Found a faded altar of an unknown god.
   143 | D:1      | Reached XP level 2. HP: 21/22 MP: 2/2
   668 | D:1      | Reached XP level 3. HP: 28/28 MP: 3/3
   876 | D:2      | Found Luymy's Weapon Emporium.
  1040 | D:2      | Found a shimmering altar of Xom.
  1280 | D:2      | Reached skill level 1 in Armour
  1283 | D:2      | Reached XP level 4. HP: 29/34 MP: 4/4
  1288 | D:2      | Reached skill level 3 in Fighting
  2035 | D:3      | Reached XP level 5. HP: 40/41 MP: 5/5
  2097 | D:3      | Found an ancient bone altar of Kikubaaqudgha.
  2115 | D:3      | Found an iron altar of Okawaru.
  2250 | D:3      | Noticed a human
  2252 | D:3      | Killed a human
  2510 | D:4      | Found a hazy altar of Hepliaklqana.
  2647 | D:4      | Found a bloodstained altar of Trog.
  2721 | D:4      | Noticed a phantom
  2731 | D:4      | Killed a phantom
  2809 | D:4      | Reached XP level 6. HP: 46/48 MP: 6/6
  2837 | D:4      | Reached skill level 4 in Fighting
  3079 | D:5      | Entered Level 5 of the Dungeon
  3309 | D:5      | Noticed Menkaure
  3328 | D:5      | Reached XP level 7. HP: 26/55 MP: 7/7
  3498 | D:5      | Killed Menkaure
  3951 | D:5      | Reached skill level 5 in Fighting
  3951 | D:5      | Reached skill level 5 in Maces & Flails
  4175 | D:6      | Noticed Eustachio
  4203 | D:6      | Killed Eustachio
  4204 | D:6      | Reached XP level 8. HP: 45/63 MP: 8/8
  4392 | D:6      | Noticed Prince Ribbit
  4394 | D:6      | Noticed Sigmund
  4628 | D:6      | Killed Sigmund
  4629 | D:6      | Reached skill level 6 in Fighting
  4790 | D:6      | Killed Prince Ribbit
  5091 | D:6      | Reached XP level 9. HP: 71/71 MP: 9/9
  5165 | D:6      | Found a staircase to the Ecumenical Temple.
  5174 | Temple   | Entered the Ecumenical Temple
  5182 | Temple   | Became a worshipper of Gozag Ym Sagoz the Greedy
  5253 | D:6      | Reached skill level 7 in Fighting
  5380 | D:6      | Reached skill level 5 in Dodging
  5471 | D:6      | Found an ornate altar of the Wu Jian Council.
  6224 | D:8      | Noticed a two-headed ogre
  7061 | D:8      | Noticed a two-headed ogre
  7073 | D:8      | Killed a two-headed ogre
  7074 | D:8      | Reached skill level 8 in Fighting
  7262 | D:8      | Reached XP level 10. HP: 81/81 MP: 10/10
  7455 | D:8      | Found a snail-covered altar of Cheibriados.
  7569 | D:8      | Killed a two-headed ogre
  7570 | D:8      | Reached skill level 5 in Armour
  8001 | D:9      | Reached skill level 9 in Fighting
  8462 | D:9      | Found a sacrificial altar of Ru.
  9638 | D:10     | Entered Level 10 of the Dungeon
  9660 | D:10     | Noticed Joseph
  9671 | D:10     | Killed Joseph
  9711 | D:10     | Reached XP level 11. HP: 90/90 MP: 11/11
  9725 | D:10     | Reached skill level 1 in Evocations
  9729 | D:10     | Reached skill level 10 in Fighting
  9762 | D:10     | Found a flagged portal.
  9783 | Bailey   | Entered a bailey
  9974 | Bailey   | Identified the +1 scimitar of the Imbibing Fool {spect,
                  | rPois rCorr}
  9976 | Bailey   | Identified the +1 swamp dragon scales of the Clam {+Blink
                  | rPois Will+ Int+2 Dex-5}
 10118 | Bailey   | Noticed a two-headed ogre
 10129 | Bailey   | Killed a two-headed ogre
 10467 | D:10     | Noticed Josephine
 10500 | D:10     | Killed Josephine
 10509 | D:10     | Reached skill level 10 in Maces & Flails
 11058 | D:10     | Found a white marble altar of Elyvilon.
 11081 | D:10     | Noticed Urug
 11097 | D:10     | Killed Urug
 11231 | D:10     | Got Sif Muna's Vellum of the Flock and Ice
 11256 | D:10     | Reached skill level 11 in Fighting
 11315 | D:10     | Reached XP level 12. HP: 95/100 MP: 12/12
 11511 | D:11     | Found a runed translucent door.
 11514 | D:11     | Noticed a frost giant
 11552 | D:11     | Identified the ring of Life {rPois SInv}
 11584 | D:11     | Noticed a boulder beetle
 11585 | D:11     | Noticed a tengu warrior
 11623 | D:11     | Reached skill level 5 in Evocations
 11739 | D:11     | a blink frog changed into an entropy weaver
 11739 | D:11     | Noticed an entropy weaver (shapeshifter)
 11783 | D:11     | an entropy weaver changed into a rime drake
 11953 | D:11     | Noticed a boulder beetle
 11974 | D:11     | Killed a boulder beetle
 12269 | D:11     | Identified the +5 chain mail of Decompression {+Inv rC+ rN+
                  | Int-4}
 12287 | D:11     | Found a portal to a secret trove of treasure.
 12308 | D:11     | Found a staircase to the Lair.
 12755 | D:12     | Noticed a two-headed ogre
 12760 | D:12     | Noticed a centaur warrior
 12763 | D:12     | Killed a two-headed ogre
 12774 | D:12     | Killed a centaur warrior
 12876 | D:12     | Found a staircase to the Orcish Mines.
 12971 | D:12     | Noticed a sun demon
 12977 | D:12     | Reached skill level 12 in Fighting
 13334 | D:12     | Noticed Nessos
 13358 | D:12     | Killed Nessos
 13619 | D:12     | Reached XP level 13. HP: 85/108 MP: 13/13
 14205 | D:13     | Noticed Kirke
 16098 | D:13     | Killed Kirke
 16125 | D:14     | Noticed Agnes
 16125 | D:14     | Found a gate to the Vaults.
 16681 | D:14     | Reached skill level 13 in Fighting
 17589 | D:14     | Killed Agnes
 17589 | D:14     | HP: 1/111 [manticore/volley of spikes (10)]
 17918 | D:13     | Reached XP level 14. HP: 73/118 MP: 14/14
 17932 | D:13     | Acquired a N-80 hypertransmogrifier {RevParry, rF+ Will+}
 18995 | D:14     | Noticed Roxanne
 22373 | D:2      | Bought a +4 antimagic whip for 295 gold pieces
 23407 | D:14     | Killed Roxanne
 23625 | D:15     | Entered Level 15 of the Dungeon
 24196 | D:15     | HP: 5/109 [meliai/+1 war axe of flaming (13)]
 24196 | D:15     | Slain by a meliai

Illustrated notes

Levels and vault maps discovered:
D:1:      matt_arrival_los_fun, layout_basic, dreamdust_ecumenical_altar_statues
D:2:      layout_basic, basic_altar, serial_shops, shop, kennysheep_cross_room
D:3:      layout_loops_ring, tgw_kikubaaqudgha, okawaru_gym_becter
D:4:      layout_cave_pools, trog_three_pillars_becter,
          nicolae_hepliaklqana_hazy_memory, serial_bayou_lagoon_a,
          minmay_misc_feat_pillars, minmay_misc_feat_cross
D:5:      layout_cave_pods, minivault_25, uniq_menkaure
D:6:      layout_gridville, nicolae_wu_jian_immortal_techniques,
          minmay_temple_entry_poolview, uniq_sigmund, uniq_prince_ribbit1,
          uniq_eustachio
D:7:      layout_rooms
D:8:      layout_cave_pools, mainiacjoe_overflow_catwalk
D:9:      layout_layer_cave, nicolae_ru_path_of_blood, kennysheep_dice
D:10:     layout_roguey, elyvilon_altar_5, enter_bailey_3,
          minmay_joined_circles, uniq_joseph, uniq_urug, uniq_josephine
D:11:     layout_basic, david_lair_shrubbed, enter_trove_0, minmay_st_funbox
D:12:     layout_layer_cave, orc_0_dummy, uniq_nessos
D:13:     layout_irregular_city, uniq_kirke
D:14:     layout_basic, david_vaults_3, uniq_roxanne, uniq_agnes
D:15:     gammafunk_depths_entry_grave, layout_basic, minmay_misc_feat_rugged
Temple:   nicolae_temple_two_arcs

Skill      XL: |  1  2  3  4  5  6  7  8  9 10 11 12 13 14 |
---------------+-------------------------------------------+-----
Maces & Flails | 3 4 5 6 7 9 10 11 12 | 12.9
Dodging        | 3 4 5 6 7 8 9 |  9.6
Armour         | 1 2 3 4 5 6 7 8 9 |  9.0
Fighting       | 3 4 5 6 8 9 11 12 13 | 13.9
Evocations     | 4 6 8 9 |  9.3
Throwing       | |  1.7

Action                     |  1- 3 |  4- 6 |  7- 9 | 10-12 | 13-15 || total
---------------------------+-------+-------+-------+-------+-------++-------
  Melee: Flail             |    74 |   120 |   293 |   628 |  1029 ||  2144
         Dagger            |    35 |       |       |       |       ||    35
         Whip              |    30 |   106 |   277 |   606 |   517 ||  1536
         Unarmed           |       |       |       |       |    15 ||    15
 Invoke: Potion Petition   |       |       |       |     2 |     4 ||     6
Ability: Evoke Invisibilit |       |       |       |     1 |     4 ||     5
         Invent Gizmo      |       |       |       |       |     1 ||     1
  Evoke: Wand              |       |       |     5 |     2 |     2 ||     9
         Phantom mirror    |       |       |       |       |     2 ||     2
    Use: Potion            |       |       |     2 |       |     4 ||     6
         Scroll            |       |       |       |       |    13 ||    13
   Stab: Sleeping          |     1 |       |       |       |       ||     1
         Distracted        |       |       |     1 |     4 |     1 ||     6
         Invisible         |       |       |       |     6 |    26 ||    32
 Armour: Chain mail        |    56 |    94 |   360 |   106 |   551 ||  1167
         Plate armour      |       |       |     3 |   193 |       ||   196
         Swamp dragon scal |       |       |       |   209 |       ||   209
         Skin              |       |       |       |       |     8 ||     8
  Dodge: Dodged            |    24 |    34 |   176 |   311 |   329 ||   874

Table legend: (Time is in decaauts)
 A = Elapsed time spent in this place.
 B = Non-inter-level travel time spent in this place.
 C = Inter-level travel time spent in this place.
 D = Time resting spent in this place.
 E = Time spent auto-exploring this place.
 F = Levels seen in this place.
 G = Mean time per level.
                   A        B        C        D        E       F      G
               +--------+--------+--------+--------+--------+-----+--------+
         Total |  23841 |  22530 |   1311 |   7709 |  10692 |  17 | 1402.4 |
       Dungeon |  23193 |  21895 |   1298 |   7538 |  10463 |  15 | 1546.2 |
        Temple |     16 |      3 |     13 |      0 |      0 |   1 |   16.0 |
        Bailey |    631 |    631 |      0 |    171 |    229 |   1 |  631.0 |
               +--------+--------+--------+--------+--------+-----+--------+

Top non-repeatable levels by time:
    D:14: 5568 daAuts
    D:13: 3259 daAuts
     D:9: 1721 daAuts
    D:12: 1692 daAuts
     D:5: 1470 daAuts
     D:7: 1401 daAuts
    D:10: 1270 daAuts
    D:11: 1150 daAuts
     D:6: 1060 daAuts
     D:8: 1044 daAuts
     D:3: 929 daAuts
     D:1: 881 daAuts
     D:2: 765 daAuts
  Bailey: 631 daAuts
     D:4: 612 daAuts
